 Dungeon Crawl Stone Soup version 0.27.1-33-g824d729ab1 (webtiles) character file.

Game seed: 18019605828104781329

217 potato4science the Sneak (level 6, 8/37 HPs)
             Began as a Kobold Enchanter on Dec 24, 2021.
             Quit the game on level 3 of the Dungeon.
             The game lasted 00:27:52 (7299 turns).

potato4science the Sneak (Kobold Enchanter)         Turns: 7299, Time: 00:27:52

Health: 8/37       AC:  5    Str:  7    XL:     6   Next: 16%
Magic:  9/9        EV: 16    Int: 16    God:
Gold:   111        SH:  0    Dex: 16    Spells: 6/9 levels left

rFire    . . .     SeeInvis .   e - +2 dagger (protect)
rCold    . . .     Faith    .   (shield restricted)
rNeg     . . .     Spirit   .   b - +0 robe
rPois    .         Reflect  .   u - +0 helmet
rElec    .         Harm     .   (no cloak)
rCorr    .         Rampage  .   i - +1 pair of gloves
Will     .....                  (no boots)
Stlth    ++++......             (no amulet)
HPRegen  0.12/turn              (no ring)
MPRegen  0.11/turn              (no ring)

@: no status effects
A: small, no large weapons, nightstalker 3
a: no special abilities


You were on level 3 of the Dungeon.
You visited 1 branch of the dungeon, and saw 4 of its levels.

You collected 111 gold pieces.

Inventory:

Hand Weapons
 a - a +1 dagger
 e - a +2 dagger of protection (weapon)
 f - a +1 dagger of venom
 m - a +3 dagger of venom
Missiles
 h - 32 poisoned darts
Armour
 b - a +0 robe (worn)
 i - a +1 pair of gloves (worn)
 n - a +0 ring mail
 o - a +0 leather armour
 u - a +0 helmet (worn)
Jewellery
 l - a ring of flight
Wands
 c - a wand of digging (6)
Scrolls
 p - 2 scrolls of enchant armour
Potions
 d - a potion of ambrosia {unknown}
 g - a potion of berserk rage {unknown}
 k - 2 potions of curing
 r - 2 potions of mutation
 t - a potion of heal wounds {unknown}
 w - a potion of lignification {unknown}
 x - a potion of haste {unknown}


   Skills:
 - Level 3.0 Fighting
 - Level 4.0 Short Blades
 + Level 1.1 Armour
 - Level 4.0 Dodging
 - Level 5.0 Stealth
 - Level 2.1 Spellcasting
 - Level 3.0 Hexes


You had 6 spell levels left.
You knew the following spells:

 Your Spells              Type           Power      Damage    Failure   Level
a - Corona                Hex            12%        N/A       6%          1
b - Ensorcelled Hibernat  Hex/Ice        12%        N/A       17%         2

Your spell library contained the following spells:

 Spells                   Type           Power      Damage    Failure   Level
 Slow                     Hex            11%        N/A       9%          2
 Confusing Touch          Hex            11%        N/A       19%         3
 Tukima's Dance           Hex            11%        N/A       19%         3
 Dazzling Flash           Conj/Hex       12%        N/A       32%         3
 Vampiric Draining        Necr           0%         2d6       52%         3
 Yara's Violent Unravell  Hex/Tmut       3%         3d4       97%         5


Dungeon Overview and Level Annotations

Branches:
Dungeon (4/15)
 Temple: D:4-7

Altars:


Innate Abilities, Weirdness & Mutations

You are small and have problems with some larger weapons.
You are completely attuned to the shadows.


Message History

You closely miss the phantom.
The phantom is moderately damaged.
The phantom hits you.
The phantom blinks!
You blink.
You hit the phantom but do no damage.
The phantom is moderately damaged.
You barely miss the phantom.
The phantom is moderately damaged.
The phantom hits you but does no damage.
You barely miss the phantom.
The phantom is moderately damaged.
The phantom hits you.
The phantom blinks!
You blink.
You hit the phantom but do no damage.
The phantom is moderately damaged.
The phantom barely misses you.
You hit the phantom but do no damage.
The phantom is moderately damaged.
The phantom hits you.
The phantom blinks!
You blink.
You miss the phantom.
The phantom is moderately damaged.
You miss the phantom.
The phantom is moderately damaged.
The phantom hits you.
The phantom blinks!
You blink.
You barely miss the phantom.
The phantom is moderately damaged.
The phantom hits you but does no damage.
You hit the phantom.
The phantom is heavily damaged.
The phantom barely misses you.
You barely miss the phantom.
The phantom is heavily damaged.
The phantom hits you.
You closely miss the phantom.
The phantom is heavily damaged.
You hit the phantom but do no damage.
The phantom is heavily damaged.
The phantom hits you!
* * * LOW HITPOINT WARNING * * *
The phantom blinks!
You blink.
Unknown command.
Are you sure you want to abandon this character and quit the game? (Confirm with "yes".)

#.# #..........# *,*,,,,,,,,,,,,
#.# #..#####...# *,,,******,*,,,
#.####..#####...########## *,**,*
#....>..<...........§§§..# *,**,*
######.[###......#######.# *,**,*
#..# #.#<.### #.# *,**,* #..#
#.#..# #§# *,**,* #..###.#.[###
#§# *,**,* **
#...<.>....@#######.###,**,*
,****######....#.W...........,,,*
,,,,###* #..................****
,,,,...## #.)..#.####.##.####*
*,..*#..###.)..#.#**#.##.#***
*.#.**#...........,,..#*..,,*
*.[.###..##.##.####,*,*****,*
.**#)....##.##.# *,*,* *,*
.#,#.#..)##.#*,* *,*,* *,*


You could see a phantom.

Vanquished Creatures
  An orc priest (D:3)
  An orc wizard (D:3)
  Robin (D:2)
  5 adders
  A dart slug (D:1)
  12 orcs
  A ball python (D:1)
  6 endoplasms
  2 giant cockroaches
  8 goblins
  10 hobgoblins
  7 jackals (D:1)
  13 kobolds
  3 quokkas
  6 bats
  5 frilled lizards
  5 rats
87 creatures vanquished.

Notes
Turn   | Place    | Note
-------+----------+-------------------------------------------
     0 | D:1      | potato4science the Kobold Enchanter began the quest for the
                  | Orb.
     0 | D:1      | Reached XP level 1. HP: 10/10 MP: 3/3
    55 | D:1      | Found a faded altar of an unknown god.
   184 | D:1      | Reached skill level 1 in Fighting
   194 | D:1      | Reached XP level 2. HP: 6/16 MP: 5/5
  1202 | D:1      | Reached XP level 3. HP: 20/20 MP: 4/6
  1225 | D:1      | Reached skill level 1 in Armour
  1253 | D:1      | Learned a level 2 spell: Ensorcelled Hibernation
  2076 | D:2      | Reached XP level 4. HP: 26/26 MP: 7/7
  2322 | D:2      | Noticed Robin
  3283 | D:2      | Reached XP level 5. HP: 30/30 MP: 8/8
  4544 | D:2      | Killed Robin
  4545 | D:2      | Reached skill level 5 in Stealth
  5216 | D:3      | Reached XP level 6. HP: 37/37 MP: 9/9
  7299 | D:3      | Quit the game

Illustrated notes

Levels and vault maps discovered:
D:1:      giann_forest_graveyard, layout_basic,
          chequers_ecumenical_altar_simple, minmay_hexomino_p4
D:2:      layout_loops_ring, minmay_liquid_box, minmay_misc_feat_chi, uniq_robin
D:3:      layout_loops_ring, minmay_starry_boxes
D:4:      layout_basic, uniq_sigmund

Skill      XL: |  1  2  3  4  5  6 |
---------------+-------------------+-----
Fighting       | 1 2 3 |  3.0
Short Blades   | 2 4 |  4.0
Dodging        | 3 4 |  4.0
Armour         | 1 |  1.1
Stealth        | 5 |  5.0
Spellcasting   | |  2.1
Hexes          | |  3.0

Action                   |  1- 3 |  4- 6 || total
-------------------------+-------+-------++-------
Melee: Dagger            |    64 |   239 ||   303
 Cast: Corona            |     4 |     6 ||    10
       Ensorcelled Hiber |       |    12 ||    12
  Use: Scroll            |       |     8 ||     8
 Stab: Sleeping          |    16 |    12 ||    28
       Distracted        |     1 |     1 ||     2
Armor: Robe              |     7 |    35 ||    42
Dodge: Dodged            |    43 |   122 ||   165
